 Dungeon Crawl Stone Soup version 0.22.1-2-g9c5b331 (webtiles) character file.

44 JustSomeDude the Sneak (level 3, -3/18 HPs)
             Began as a Vine Stalker Assassin on Jan 2, 2019.
             Slain by a hobgoblin
             ... wielding a +0 club
              (5 damage)
             ... on level 2 of the Dungeon.
             The game lasted 00:02:00 (877 turns).

JustSomeDude the Sneak (Vine Stalker Assassin)       Turns: 877, Time: 00:02:00

Health: -3/18      AC:  3    Str: 13    XL:     3   Next: 60%
Magic:  0/4        EV: 12    Int: 11    God:
Gold:   75         SH:  0    Dex: 16    Spells: 2/2 levels left

rFire    . . .     SeeInvis .   a - +2 dagger
rCold    . . .     Gourm    .   (no shield)
rNeg     . . .     Faith    .   c - +0 robe
rPois    .         Spirit   +   (no helmet)
rElec    .         Reflect  .   d - +0 cloak
rCorr    .         Harm     .   (no gloves)
MR       .....                  (no boots)
Stlth    +++.......             (no amulet)
HPRegen  0.06/turn              (no ring)
MPRegen  0.09/turn              (no ring)

@: no status effects
A: fangs 2, magic shield, antimagic bite, no potion heal 3, rot immunity
a: no special abilities


You were on level 2 of the Dungeon.
You were not hungry.

You visited 1 branch of the dungeon, and saw 2 of its levels.

You collected 75 gold pieces.

Inventory:

Hand Weapons
 a - a +2 dagger (weapon)
 b - a +0 blowgun
Missiles
 e - 8 poisoned needles
 f - 2 curare-tipped needles
Armour
 c - a +0 robe (worn)
 d - a +0 cloak (worn)
 h - a +0 leather armour
Scrolls
 i - a scroll of remove curse {unknown}
 l - a scroll of identify {unknown}
 n - a scroll of teleportation {unknown}
 o - a scroll of magic mapping {unknown}
Potions
 j - a potion of degeneration {unknown}
 k - a potion of heal wounds {unknown}
 m - a potion of ambrosia {unknown}
Comestibles
 g - 4 rations
 p - 4 chunks of flesh


   Skills:
 + Level 2.0 Fighting
 + Level 2.2 Short Blades
 + Level 1.8 Throwing
 + Level 0.9 Dodging
 + Level 6.0 Stealth


You had 2 spell levels left.
You didn't know any spells.
Your spell library was empty.

Dungeon Overview and Level Annotations

Branches:
Dungeon (2/15)

Altars:

Annotations:
D:2 Sigmund


Innate Abilities, Weirdness & Mutations

You have extremely sharp teeth.
When hurt, damage is shared between your health and your magic reserves.
Your bite disrupts and absorbs the magic of your enemies.
Potions cannot restore your health.
You are immune to rotting.


Message History

The hobgoblin is almost dead.
The hobgoblin hits you but does no damage.
You hit the hobgoblin.
You kill the hobgoblin!
Your Stealth skill increases to level 6!
You hit the hobgoblin.
The hobgoblin is moderately wounded.
The hobgoblin hits you with a club.
You hit the hobgoblin.
The hobgoblin is heavily wounded.
The hobgoblin hits you with a club.
* * * LOW HITPOINT WARNING * * *
You hit the hobgoblin.
The hobgoblin is severely wounded.
The hobgoblin hits you with a club.
* * * LOW HITPOINT WARNING * * *
You closely miss the hobgoblin.
The hobgoblin is severely wounded.
The hobgoblin hits you with a club.
You die...

@.
...................###.....
.##..........#.......#######
# ..............#.#......#
#########.###.#.#...##.####
.... ..#.#...##.....
....#####.#...######)
..#.......#...######.
#.####......†......
#.@gK...........###
#######.##..........
......#(##.#####<###
........##.#........
........##.#.###.###
........##.# ##....
............ ....##
............ ......
.K......... .....##


You could see a hobgoblin and a kobold.

Vanquished Creatures
  An adder (D:2)
  A dart slug (D:1)
  A leopard gecko (D:2)
  2 bats (D:1)
  5 giant cockroaches
  3 goblins (D:1)
  2 hobgoblins (D:2)
  2 jackals (D:2)
  2 ball pythons
  3 frilled lizards (D:1)
  4 kobolds
  2 rats (D:1)
28 creatures vanquished.

Notes
Turn   | Place    | Note
-------+----------+-------------------------------------------
     0 | D:1      | JustSomeDude the Vine Stalker Assassin began the quest for
                  | the Orb.
     0 | D:1      | Reached XP level 1. HP: 11/11 MP: 2/2
    15 | D:1      | Reached skill level 5 in Stealth
    98 | D:1      | Reached XP level 2. HP: 9/15 MP: 1/3
   692 | D:2      | Reached XP level 3. HP: 18/18 MP: 4/4
   830 | D:2      | Noticed Sigmund
   873 | D:2      | Reached skill level 6 in Stealth
   877 | D:2      | Slain by a hobgoblin

Skill      XL: |  1  2  3 |
---------------+----------+-----
Stealth        | 5 6 |  6.0
Short Blades   | 2 |  2.2
Fighting       | 2 |  2.0
Throwing       | |  1.8
Dodging        | |  0.9

Action                   || total
-------------------------++-------
Melee: Dagger            ||    75
       Bite              ||    19
 Stab: Sleeping          ||     9
Armor: Robe              ||    15
Dodge: Dodged            ||    37
